AoeStats
← LuisSW

Lombardia

510018702Analyzed
3v3 RM · 3d ago on Sep 29, 2026· 64m 8s· 6 players
Game mode
Random Map
Map size
Normal (6 player)
Population
200
Speed
Normal
Resources
Standard
Victory
Conquest
Starting age
Dark Age
Ending age
Imperial Age
RankedLock teamsTeams togetherTeam positionsShared explorationLock speedFull tech treeHidden civsTurbo modeCheats
Victory
Defeat
🇳🇮 Byzantines · Nicaragua
909
+14
🇳🇮 Wei · Nicaragua
900
+14
🇺🇸 Japanese · United States
852
+16
🇨🇱 Japanese · Chile
872
-15
🇨🇱 Koreans · Chile
858
-15
🇨🇱 Franks · Chile
847
-14
TocTheYoungr
4:56 Loom
12:14 Feudal Age
12:48 Double-Bit Axe
12:43 Man-at-Arms
14:05 Horse Collar
16:30 Arson
17:07 Scale Mail Armor
18:15 Forging
18:46 Wheelbarrow
23:25 Castle Age
24:31 Bloodlines
24:21 Husbandry
25:18 Fletching
26:09 Gold Mining
26:32 Bow Saw
26:59 Ballistics
27:03 Padded Archer Armor
27:38 Thumb Ring
28:04 Bodkin Arrow
28:44 Fervor
29:26 Heavy Plow
35:19 Imperial Age
34:17 Leather Archer Armor
36:32 Hand Cart
36:25 Pikeman
36:52 Gambesons
37:08 Squires
38:30 Chemistry
39:46 Halberdier
40:50 Chain Mail Armor
41:08 Stone Mining
41:54 Gold Shaft Mining
42:59 Ring Archer Armor
43:00 Plate Mail Armor
43:02 Siege Engineers
43:12 Siege Engineers
44:41 Conscription
44:43 Kataparuto
46:13 Iron Casting
45:38 Bracer
47:51 Two-Man Saw
47:32 Murder Holes
47:23 Arrowslits
47:51 Fortified Wall
48:41 Caravan
51:49 Guard Tower
52:12 Masonry
52:06 Bracer
53:07 Blast Furnace
52:28 Yasama
54:31 Parthian Tactics
53:29 Heavy Cavalry Archer
55:46 Keep
54:53 Treadmill Crane
56:09 Hoardings
56:34 Elite Samurai
63:10 Long Swordsman
djowyn
8:56 Loom
13:04 Feudal Age
13:41 Double-Bit Axe
13:38 Horse Collar
20:17 Castle Age
18:18 Gold Mining
19:31 Stone Mining
19:48 Scale Barding Armor
23:43 Bloodlines
23:35 Husbandry
24:05 Bow Saw
23:59 Heavy Plow
25:19 Wheelbarrow
25:16 Town Watch
28:42 Pikeman
33:26 Imperial Age
33:55 Chain Barding Armor
33:45 Forging
33:38 Scale Mail Armor
33:41 Squires
33:27 Arson
34:26 Ballistics
35:09 Chemistry
34:50 Hand Cart
36:37 Conscription
36:45 Ming Guang Armor
36:58 Iron Casting
36:26 Padded Archer Armor
36:47 Heavy Hei Guang Cavalry
37:03 Heavy Hei Guang Cavalry
38:52 Hoardings
42:16 Blast Furnace
41:11 Fletching
41:36 Leather Archer Armor
42:53 Chain Mail Armor
42:02 Halberdier
44:14 Town Patrol
45:08 Ring Archer Armor
44:33 Bodkin Arrow
44:41 Tuntian
47:59 Caravan
49:01 Heated Shot
49:22 Masonry
49:07 Murder Holes
51:26 Thumb Ring
51:46 Parthian Tactics
51:30 Bracer
57:25 Gold Shaft Mining
57:26 Stone Shaft Mining
mperez
11:21 Feudal Age
15:11 Castle Age
15:45 Double-Bit Axe
15:42 Horse Collar
17:33 Bow Saw
17:25 Heavy Plow
23:40 Wheelbarrow
23:46 Loom
25:44 Hand Cart
27:57 Gold Mining
27:57 Stone Mining
28:03 Stone Mining
31:33 Imperial Age
29:34 Fletching
29:44 Padded Archer Armor
30:08 Ballistics
29:29 Treadmill Crane
30:21 Bodkin Arrow
30:38 Scale Barding Armor
30:44 Forging
30:36 Scale Mail Armor
30:46 Thumb Ring
31:23 Leather Archer Armor
31:08 Murder Holes
32:03 Husbandry
31:46 Heavy Camel Rider
32:48 Chain Barding Armor
33:52 Two-Man Saw
33:23 Crop Rotation
35:27 Plate Barding Armor
35:40 Leather Archer Armor
34:54 Elite Skirmisher
36:16 Conscription
36:24 Bracer
38:33 Ring Archer Armor
38:39 Iron Casting
38:07 Scale Mail Armor
39:58 Chemistry
41:51 Elite Cataphract
42:42 Logistica
43:25 Chain Mail Armor
42:31 Pikeman
43:12 Squires
42:59 Arson
44:08 Guilds
48:03 Plate Mail Armor
46:57 Light Cavalry
58:21 Caravan
58:04 Hussar
59:03 Halberdier
dameoroSW
8:31 Loom
10:17 Feudal Age
14:37 Double-Bit Axe
17:28 Castle Age
15:57 Forging
15:48 Scale Mail Armor
19:40 Squires
23:51 Pikeman
27:53 Wheelbarrow
30:31 Iron Casting
30:12 Chain Mail Armor
33:01 Imperial Age
33:07 Imperial Age
30:51 Fletching
33:03 Bow Saw
32:36 Elite Skirmisher
35:03 Chemistry
33:51 Halberdier
34:29 Bodkin Arrow
35:30 Arson
39:32 Thumb Ring
39:30 Bracer
40:01 Plate Mail Armor
41:17 Hand Cart
41:40 Ballistics
47:21 Elite Fire Lancer
49:13 Conscription
RCM_SW
0:52 Loom
11:34 Feudal Age
13:44 Town Watch
15:32 Double-Bit Axe
16:37 Scale Mail Armor
16:16 Man-at-Arms
18:11 Forging
18:57 Horse Collar
21:06 Arson
22:05 Wheelbarrow
22:21 Gold Mining
26:38 Castle Age
25:57 Stone Mining
26:56 Pikeman
26:58 Long Swordsman
28:03 Gambesons
28:19 Squires
28:22 Heavy Plow
29:06 Chain Mail Armor
31:12 Iron Casting
31:47 Bow Saw
33:02 Fletching
34:49 Hand Cart
35:47 Town Patrol
36:01 Elite Skirmisher
40:22 Imperial Age
39:08 Fortified Wall
40:44 Bodkin Arrow
40:30 Two-Handed Swordsman
42:21 Plate Mail Armor
43:49 Two-Man Saw
43:25 Conscription
44:18 Chemistry
45:40 Blast Furnace
45:10 Kataparuto
45:15 Champion
46:30 Ballistics
47:14 Gold Shaft Mining
47:14 Elite Samurai
49:52 Masonry
49:14 Halberdier
52:38 Hoardings
56:02 Caravan
56:34 Coinage
57:37 Siege Engineers
LuisSW
0:35 Loom
11:54 Feudal Age
15:17 Double-Bit Axe
18:48 Castle Age
17:03 Man-at-Arms
20:20 Bow Saw
20:26 Forging
21:11 Long Swordsman
23:43 Arson
23:59 Squires
23:48 Gambesons
30:23 Ballistics
33:34 Imperial Age
33:12 Iron Casting
32:43 Scale Barding Armor
33:28 Husbandry
36:30 Cavalier
40:31 Chemistry
42:23 Paladin
43:50 Chain Barding Armor
45:51 Plate Barding Armor
46:18 Blast Furnace
46:24 Gold Mining
46:25 Stone Mining
48:09 Gold Shaft Mining
Connection lost

Rejoining the realm…

Still unreachable

The connection could not be restored.

Session expired

The server has moved on; the page needs a fresh start.